 Dungeon Crawl Stone Soup version 0.29.1-13-g9f3cf754e1 (webtiles) character file.

Game seed: 18022356212627515027

4050 khekkus the Destroyer (level 10, 0/71 HPs)
             Began as a Purple Draconian Conjurer on Jan 26, 2023.
             Slain by a two-headed ogre
             ... wielding a +0 giant spiked club
              (29 damage)
             ... on level 7 of the Dungeon.
             The game lasted 00:54:35 (10876 turns).

khekkus the Destroyer (Purple Draconian Conjurer)  Turns: 10876, Time: 00:54:35

Health: 0/71       AC: 13    Str:  9    XL:     10   Next: 4%
Magic:  5/27       EV: 13    Int: 22    God:
Gold:   445        SH:  0    Dex: 11    Spells: 6/20 levels left

rFire   . . .      SeeInvis .   f - staff of conjuration
rCold   . . .      Faith    .   (no shield)
rNeg    . . .      Spirit   .   (body armour unavailable)
rPois   .          Reflect  .   (helmet restricted)
rElec   .          Harm     .   (no cloak)
rCorr   .          Rampage  .   (no gloves)
Will    +....                   E - +1 pair of boots
Stlth   ++........              v - amulet of the acrobat
HPRegen 0.21/turn               e - +4 ring of protection
MPRegen 0.20/turn               o - ring of magical power

@: no status effects
A: breathe power, AC +7, unfitting armour, cold-blooded
a: Breathe Dispelling Energy


You were on level 7 of the Dungeon.
You visited 2 branches of the dungeon, and saw 9 of its levels.
You also visited: Sewer.

You collected 445 gold pieces.

Inventory:

Hand Weapons
 H - a +2 short sword of electrocution
Armour
 j - a +0 buckler
 y - the +5 tower shield of the Game Afoot {rF- rC+++ rN++ Will+}
   (You found it on level 5 of the Dungeon)

   rF:        It makes you vulnerable to fire.
   rC:        It renders you almost immune to cold.
   rN:        It greatly protects you from negative energy.
   Will:      It increases your willpower.
 E - a +1 pair of boots (worn)
Magical Staves
 c - a staff of fire
 f - a staff of conjuration (weapon)
Jewellery
 a - a +6 ring of strength
 e - a +4 ring of protection (left hand)
 o - a ring of magical power (right hand)
 q - a +4 ring of evasion
 v - an amulet of the acrobat (around neck)
 z - an amulet of faith
 A - a ring of poison resistance
 B - a ring of resist corrosion
Wands
 b - a wand of mindburst (16)
 r - a wand of flame (10)
 x - a wand of polymorph (9)
Scrolls
 d - 2 scrolls of poison
 g - 2 scrolls of immolation
 h - a scroll of amnesia
 l - 2 scrolls of magic mapping
 p - 2 scrolls of blinking
 s - 3 scrolls of fog
 t - a scroll of silence
 w - a scroll of fear
Potions
 i - a potion of cancellation
 m - 2 potions of brilliance
 n - a potion of ambrosia
 C - 2 potions of curing
 D - a potion of might


   Skills:
 + Level 1.0 Fighting
 - Level 1.3 Short Blades
 - Level 0.3(1.8) Maces & Flails
 * Level 3.0 Staves
 + Level 4.6 Dodging
 - Level 1.7 Stealth
 + Level 5.9 Spellcasting
 * Level 10.5 Conjurations
 + Level 4.1 Hexes
 - Level 5.0 Translocations
 + Level 3.2 Evocations


You had 6 spell levels left.
You knew the following spells:

 Your Spells              Type           Power      Damage    Failure   Level
a - Magic Dart            Conj           100%       1d8       1%          1
b - Searing Ray           Conj           100%       2d8       1%          2
c - Dazzling Flash        Conj/Hex       100%       N/A       1%          3
d - Iskenderun's Mystic   Conj/Tloc      57%        2d12      3%          4
e - Fulminant Prism       Conj/Hex       27%        3d14      4%          4

Your spell library contained the following spells:

 Spells                   Type           Power      Damage    Failure   Level
 Ensorcelled Hibernation  Hex/Ice        30%        N/A       6%          2
 Beastly Appendage        Tmut           12%        N/A       10%         1
 Passwall                 Tmut/Erth      5%         N/A       14%         2
 Wereblood                Tmut           6%         N/A       14%         2
 Spider Form              Tmut/Pois      6%         N/A       28%         3
 Swiftness                Air            6%         N/A       28%         3
 Anguish                  Hex/Necr       7%         N/A       36%         4
 Animate Dead             Necr           6%         N/A       67%         4
 Borgnjor's Vile Clutch   Necr/Erth      3%         N/A       95%         5
 Death Channel            Necr           3%         N/A       100%        6


Dungeon Overview and Level Annotations

Branches:
Dungeon (8/15)             Temple (1/1) D:5           Sewer (visited)
   Lair: D:8-11

Altars:
Ashenzari
Cheibriados
Dithmenos
Elyvilon
Fedhas
Gozag
Hepliaklqana
Kikubaaqudgha
Makhleb
Nemelex Xobeh
Okawaru
Qazlal
Uskayaw
Wu Jian
Yredelemnul
Zin

Annotations:
D:4 2 transporters


Innate Abilities, Weirdness & Mutations

You can breathe bolts of dispelling energy.
Your rich purple scales are hard. (AC +7)
You cannot fit into any form of body armour.
You are cold-blooded and may be slowed by cold attacks.


Message History

Casting: Magic Dart (safe; 1% risk of failure)
Confirm with . or Enter, or press ? or * to list all spells.
Aiming: Magic Dart (safe; 1% risk of failure)
Press: ? - help, Shift-Dir - straight line, f/p - two-headed ogre
Aim: a two-headed ogre, wielding a +0 giant spiked club and a +0 giant club (moderately wounded, 100% to hit)
You feel a surge of power!
The magic dart hits the two-headed ogre.
The two-headed ogre is heavily wounded.
Casting: Magic Dart (safe; 1% risk of failure)
Confirm with . or Enter, or press ? or * to list all spells.
Aiming: Searing Ray (safe; 1% risk of failure)
Press: ? - help, Shift-Dir - straight line, f/p - two-headed ogre
Aim: a two-headed ogre, wielding a +0 giant spiked club and a +0 giant club (heavily wounded, 92% to hit)
You feel a surge of power!
The searing ray hits the two-headed ogre.
The two-headed ogre is heavily wounded. (Press . to maintain the ray.)
A hornet comes into view.
The searing ray hits the two-headed ogre!
The two-headed ogre is severely wounded.
The hornet buzzes angrily.
The searing ray hits the two-headed ogre.
The two-headed ogre is almost dead.
The two-headed ogre hits you with a +0 giant spiked club!!
The two-headed ogre hits you with a +0 giant club!
Your magical contamination has completely faded away.
The searing ray misses the two-headed ogre.
The searing ray misses the hornet.
You finish channelling your searing ray.
The two-headed ogre hits you with a +0 giant spiked club!
The two-headed ogre hits you with a +0 giant club.
You climb upwards.
There is a stone staircase leading down here.
Casting: Searing Ray (safe; 1% risk of failure)
Confirm with . or Enter, or press ? or * to list all spells.
Casting: Dazzling Flash (safe; 1% risk of failure)
Press: ? - help, Dir - look around, f - activate You feel a surge of power!
The two-headed ogre is dazzled.
The two-headed ogre hits you with a +0 giant spiked club!!
You die...

..................#
..................#
..................#
..................#
..................#
..##..............#
..##..............# ########
..##.............(########.......
..++...........O@........#.#####.
..##.............[....##!#.#...#.
####..................##.#.#..##.
##............##+###'###.#.#...#.
#.............##[....###.#.#...#.
#......##........#####...#.##..#.
#.................####.###.....#.
..................##.......#.....
..#####...........##.#.#.........


You could see a two-headed ogre (blind).

Vanquished Creatures
  Pikel (D:6)
  6 yaks
  2 steam dragons (D:7)
  Duvessa (D:6)
  Pargi (Sewer)
  A sky beast (D:7)
  2 orc warriors
  2 centaurs
  An ice beast (D:6)
  4 ogres
  4 lemures (D:6)
  A phantom (D:4)
  A gnoll sergeant (D:7)
  2 bullfrogs
  A necrophage (D:7)
  3 scorpions
  Dowan (D:6)
  2 hounds
  4 orc priests
  3 jellies
  Terence (D:3)
  2 iguanas
  6 orc wizards
  4 gnolls (D:7)
  13 adders
  A shadow imp (D:7)
  2 white imps (D:7)
  An ufetubus (D:6)
  3 worms
  3 dart slugs
  45 orcs
  3 endoplasms
  4 giant cockroaches
  11 goblins
  9 hobgoblins
  18 kobolds
  A quokka (D:4)
  4 ball pythons
  8 bats
  5 frilled lizards
  13 rats
200 creatures vanquished.

Vanquished Creatures (others)
  8 fulminant prisms
  A plant (D:2)
9 creatures vanquished.

Grand Total: 209 creatures vanquished

Notes
Turn   | Place    | Note
-------+----------+-------------------------------------------
     0 | D:1      | khekkus the Draconian Conjurer began the quest for the Orb.
     0 | D:1      | Reached XP level 1. HP: 14/14 MP: 3/3
   345 | D:1      | Reached XP level 2. HP: 20/20 MP: 1/5
   479 | D:1      | Learned a level 2 spell: Searing Ray
  1341 | D:2      | Reached XP level 3. HP: 26/26 MP: 2/6
  1657 | D:2      | Reached skill level 1 in Short Blades
  1710 | D:2      | Learned a level 3 spell: Dazzling Flash
  1760 | D:2      | Found a faded altar of an unknown god.
  2063 | D:2      | Reached skill level 1 in Hexes
  2167 | D:2      | Reached XP level 4. HP: 33/33 MP: 2/7
  2909 | D:3      | Reached skill level 5 in Conjurations
  3357 | D:3      | Noticed Terence
  3367 | D:3      | Killed Terence
  3368 | D:3      | Reached XP level 5. HP: 37/38 MP: 7/8
  4180 | D:4      | Noticed an ogre
  4259 | D:3      | Killed an ogre
  4260 | D:3      | Reached skill level 6 in Conjurations
  4260 | D:3      | Reached XP level 6. HP: 21/45 MP: 9/9
  4735 | D:4      | Learned a level 4 spell: Iskenderun's Mystic Blast
  5095 | D:4      | Found a transporter.
  5097 | D:4      | Noticed an ice beast
  5099 | D:4      | Noticed an ice beast
  5135 | D:4      | Found a transporter.
  5248 | D:4      | Reached skill level 1 in Translocations
  5356 | D:4      | Reached skill level 7 in Conjurations
  5356 | D:4      | Your scales start taking on a rich purple colour.
  5356 | D:4      | Reached XP level 7. HP: 50/50 MP: 11/11
  5494 | D:5      | Entered Level 5 of the Dungeon
  5507 | D:5      | Found a staircase to the Ecumenical Temple.
  5516 | Temple   | Entered the Ecumenical Temple
  5733 | D:5      | Identified the +5 tower shield of the Game Afoot {rF- rC+++
                  | rN++ Will+}
  6825 | D:5      | Reached XP level 8. HP: 57/57 MP: 12/12
  7308 | D:6      | Reached skill level 8 in Conjurations
  7341 | D:6      | Reached skill level 5 in Translocations
  7723 | D:6      | Found a glowing drain.
  7754 | Sewer    | Entered a sewer
  7811 | Sewer    | Noticed Pargi
  7822 | Sewer    | Killed Pargi
  8022 | D:6      | Noticed Dowan
  8028 | D:6      | Noticed Duvessa
  8284 | D:6      | Noticed Pikel
  8405 | D:6      | Killed Pikel
  8406 | D:6      | Reached skill level 9 in Conjurations
  8406 | D:6      | Reached XP level 9. HP: 27/62 MP: 15/15
  8795 | D:6      | Killed Dowan
  8928 | D:6      | Killed Duvessa
  9250 | D:6      | Reached skill level 5 in Spellcasting
  9301 | D:6      | Learned a level 4 spell: Fulminant Prism
  9334 | D:7      | Reached skill level 1 in Staves
  9334 | D:7      | Reached skill level 1 in Evocations
  9339 | D:7      | Reached skill level 10 in Conjurations
 10742 | D:8      | Reached XP level 10. HP: 70/70 MP: 17/18
 10841 | D:8      | Reached skill level 1 in Fighting
 10841 | D:8      | Noticed a two-headed ogre
 10876 | D:7      | Slain by a two-headed ogre

Illustrated notes

Levels and vault maps discovered:
D:1:      dpeg_arrival_short_road, layout_basic
D:2:      layout_basic, ebering_ecumenical_altar_rust, serial_bayou_lake_a
D:3:      layout_loops_ring, uniq_terence
D:4:      gammafunk_cloud_chamber, layout_rooms
D:5:      layout_gridville, minmay_temple_entry_overgrown,
          guppyfry_early_orc_mine
D:6:      layout_rooms, cheibrodos_sewer_entry_drain, uniq_duvessa, uniq_pikel
D:7:      layout_basic, enter_bailey_5
D:8:      layout_rooms
Temple:   regret_index_temple_sphere_string

Skill      XL: |  1  2  3  4  5  6  7  8  9 10 |
---------------+-------------------------------+-----
Dodging        | 2 3 4 |  4.6
Short Blades   | 1 |  1.3
Hexes          | 1 2 3 4 |  4.1
Conjurations   | 5 6 7 9 10 | 10.5
Translocations | 2 4 5 |  5.0
Spellcasting   | 3 4 5 |  5.9
Staves         | 2 3 |  3.0
Evocations     | 3 |  3.2
Fighting       | 1 |  1.0
Maces & Flails | |  0.3
Stealth        | |  1.7

Action                   |  1- 3 |  4- 6 |  7- 9 | 10-12 || total
-------------------------+-------+-------+-------+-------++-------
Melee: Short sword       |     1 |    12 |     5 |       ||    18
       Tailslap          |       |     1 |     1 |       ||     2
       Punch             |       |     1 |     1 |       ||     2
       Staff             |       |       |     4 |       ||     4
 Cast: Magic Dart        |    63 |   101 |   140 |     5 ||   309
       Searing Ray       |     5 |    19 |    64 |     4 ||    92
       Dazzling Flash    |       |     1 |    12 |     2 ||    15
       Iskenderun's Myst |       |       |     9 |       ||     9
       Fulminant Prism   |       |       |     6 |     2 ||     8
  Use: Scroll            |       |    16 |     5 |       ||    21
       Potion            |       |       |     3 |       ||     3
Armor: Skin              |     2 |    27 |    36 |     4 ||    69
Dodge: Dodged            |     2 |    39 |   142 |    13 ||   196
